 Dungeon Crawl Stone Soup version 0.31.0-11-ge490571c62 (webtiles) character file.

Game seed: 2063483419128430517

70587 monsoonserge the Spry (level 14, -1/72 HPs)
             Began as a Spriggan Brigand on Jan 30, 2024.
             Was a High Priest of Okawaru.
             Slain by a wolf spider simulacrum (23 damage)
             ... on level 15 of the Dungeon.
             The game lasted 01:24:52 (19198 turns).

monsoonserge the Spry (Spriggan Brigand)           Turns: 19198, Time: 01:24:54

Health: -1/72      AC: 12    Str: 10    XL:     14   Next: 57%
Magic:  21/21      EV: 36    Int: 17    God:    Okawaru [*****.]
Gold:   1349       SH: 13    Dex: 27    Spells: 19/21 levels left

rFire   . . .        i - +3 dagger (distort)
rCold   . . .        b - +0 buckler
rNeg    . . .        h - +0 steam dragon scales
rPois   .            (helmet restricted)
rElec   .            g - +2 cloak
rCorr   +            (gloves unavailable)
SInv    +            (boots unavailable)
Will    ++...        L - amulet of reflection
Stlth   +++++        j - +6 ring of dexterity
HPRegen 0.32/turn    z - ring of Wariness {rCorr AC+4 Str+3 Int+4}
MPRegen 0.17/turn

%: reflection
@: very quick
A: very small, no large weapons, unfitting armour, see invisible, speed 3
a: Renounce Religion, Heroism, Finesse, Duel


You were on level 15 of the Dungeon.
You worshipped Okawaru.
Okawaru was extremely pleased with you.
You visited 3 branches of the dungeon, and saw 21 of its levels.
You also visited: Bailey.

You collected 1349 gold pieces.

Inventory:

Hand Weapons
 i - a +3 dagger of distortion (weapon)
Missiles
 d - 6 poisoned darts (quivered)
 e - 4 curare-tipped darts
 t - 5 boomerangs
 M - 12 atropa-tipped darts
 P - a dart of dispersal
Armour
 b - a +0 buckler (worn)
 g - a +2 cloak (worn)
 h - +0 steam dragon scales (worn)
Jewellery
 j - a +6 ring of dexterity (left hand)
 o - a ring of flight
 v - a ring of fire
 y - a ring of magical power
 z - the ring of Wariness (right hand) {rCorr AC+4 Str+3 Int+4}
   (You acquired it on level 7 of the Dungeon)

   [ring of protection]

   AC+4:      It affects your AC (+4).
   Str+3:     It affects your strength (+3).
   Int+4:     It affects your intelligence (+4).
   rCorr:     It protects you from acid and corrosion.
 L - an amulet of reflection (around neck)
Wands
 p - a wand of charming (8)
 I - a wand of light (7)
 J - a wand of roots (9)
 K - a wand of polymorph (5)
 N - a wand of mindburst (6)
 S - a wand of flame (9)
Scrolls
 a - 5 scrolls of enchant armour
 f - 3 scrolls of revelation
 l - 4 scrolls of vulnerability
 n - 3 scrolls of teleportation
 r - 4 scrolls of poison
 H - 7 scrolls of fog {unknown}
 Q - a scroll of summoning {unknown}
 R - a scroll of fear {unknown}
Potions
 c - 10 potions of haste
 k - 5 potions of heal wounds
 q - 4 potions of cancellation
 s - 3 potions of lignification
 u - 13 potions of curing {unknown}
 w - a potion of might {unknown}
 x - 2 potions of enlightenment
 A - a potion of attraction {unknown}
 C - 4 potions of brilliance
 D - 3 potions of mutation
 E - 4 potions of magic
 F - 2 potions of resistance
 G - 2 potions of invisibility
 O - a potion of ambrosia {unknown}
Miscellaneous
 m - a phial of floods
 B - a lightning rod (4/4)


   Skills:
 + Level 7.5 Fighting
 - Level 10.0 Short Blades
 + Level 8.8 Throwing
 + Level 15.7 Dodging
 + Level 10.5 Stealth
 + Level 10.0 Shields
 - Level 4.0 Spellcasting
 - Level 5.0 Translocations
 * Level 9.0 Invocations
 + Level 5.3 Evocations


You had 19 spell levels left.
You knew the following spells:

 Your Spells              Type           Power      Damage    Failure   Level
a - Blink                 Tloc           40%        N/A       3%          2

Your spell library contained the following spells:

 Spells                   Type           Power      Damage    Failure   Level
 Lesser Beckoning         Tloc           40%        N/A       3%          2
 Momentum Strike          Conj/Tloc      22%        3d8       11%         2
 Necrotise                Necr           12%        1d4       21%         1
 Shock                    Conj/Air       12%        1d3       21%         1
 Cigotuvi's Dreadful Rot  Necr/Alch/Air  6%         N/A       30%         2
 Ensorcelled Hibernation  Hex/Ice        6%         N/A       30%         2
 Fugue of the Fallen      Necr           3%         N/A       52%         3
 Swiftness                Air            3%         N/A       52%         3
 Vampiric Draining        Necr           3%         2d6       52%         3
 Airstrike                Air            1%         2d(1-17)  89%         4
 Anguish                  Hex/Necr       1%         N/A       89%         4
 Dispel Undead            Necr           3%         3d7       89%         4
 Curse of Agony           Necr           3%         N/A       99%         5
 Chain Lightning          Conj/Air       1%         3d2       100%        9
 Fire Storm               Conj/Fire      1%         8d1       100%        9
 Shatter                  Erth           1%         3d6*      100%        9
 Martyr's Knell           Necr/Summ      Unusable   N/A       N/A         4
 Death Channel            Necr           Unusable   N/A       N/A         6

Dungeon Overview and Level Annotations

Branches:
Dungeon (15/15)            Temple (1/1) D:5            Lair (5/5) D:9
 Shoals (0/4) Lair:3        Snake (0/4) Lair:2        Slime (0/5) Lair:5
    Orc (0/2) D:12         Bailey (visited)
 Vaults: D:13-14     Depths: D:15

Altars:
Ashenzari
Cheibriados
Dithmenos
Elyvilon
Fedhas
Gozag
Hepliaklqana
Kikubaaqudgha
Makhleb
Nemelex Xobeh
Okawaru
Qazlal
Ru
Sif Muna
Trog
Uskayaw
Vehumet
Wu Jian
Xom
Yredelemnul
Zin
The Shining One
Jiyva

Shops:
D:9 [   D:10 :

Annotations:
D:8 exclusions: oklob plant and oklob sapling
D:13 1 transporter


Innate Abilities, Weirdness & Mutations

You are very small and have problems with some larger weapons.
You are too small for most types of armour.
You have supernaturally acute eyesight. (SInv)
You cover ground extremely quickly. (Speed+++)


Message History

You hit the boulder beetle but do no damage.
Space warps around the boulder beetle.
The boulder beetle is heavily wounded.
You block the boulder beetle's attack. You block the orc warrior's attack.
The wolf spider simulacrum completely misses you. x2
You hit the boulder beetle but do no damage.
The boulder beetle is heavily wounded.
The boulder beetle leaps!
You block the orc warrior's attack.
You barely miss the wolf spider simulacrum.
You block the wolf spider simulacrum's attack.
The wolf spider simulacrum completely misses you.
The boulder beetle curls into a ball and begins rolling!
You block the orc warrior's attack.
You hit the wolf spider simulacrum.
The wolf spider simulacrum is lightly damaged.
You block the wolf spider simulacrum's attack.
The wolf spider simulacrum completely misses you.
You block the orc warrior's attack.
You hit the wolf spider simulacrum.
Space warps around the wolf spider simulacrum.
The wolf spider simulacrum is moderately damaged.
The orc warrior completely misses you.
You barely miss the wolf spider simulacrum.
The wolf spider simulacrum is moderately damaged.
The wolf spider simulacrum barely misses you.
You block the wolf spider simulacrum's attack.
The orc warrior completely misses you.
You hit the wolf spider simulacrum.
The wolf spider simulacrum is heavily damaged.
The orc warrior closely misses you. The wolf spider simulacrum hits you!
The wolf spider simulacrum freezes you!
You block the wolf spider simulacrum's attack.
You hit the wolf spider simulacrum.
Space warps around the wolf spider simulacrum.
The wolf spider simulacrum is severely damaged.
You block the orc warrior's attack.
You block the wolf spider simulacrum's attack.
The wolf spider simulacrum bites you.
The wolf spider simulacrum freezes you!!
You die...

##.....#.##.# .. ###.....##.#
##### .# ##.......# ##.8####.#
###.##....# ...c.....#
##...##.#..# C.....§..#
#..........## ##...####
......#####...############..(....
...### #.....ooo.(.....)..####
... ##....@#....o.......#
#..#ZB########o##.#.# #..°○...
#.# ..#.# #.°..##.. ..# #.##.
..°#... ..# ...o .# # #.####.. .#
.### oo #. #.## .. .. .. #. ..


You could see a boulder beetle (rolling), 2 orc warriors, a wolf spider
simulacrum and an orc (strong).

Vanquished Creatures
  A hydra (Lair:5)
  A centaur warrior (D:15)
  3 two-headed ogres
  3 boulder beetles
  A skeletal warrior (D:13)
  A skyshark (Lair:3)
  The ghost of CInkIbrahim the Martial Artist, a novice DsSh of Lugonu (D:7)
  A lindwurm (Lair:5)
  2 orc knights
  2 manticores
  A deep elf zephyrmancer (D:15)
  A cyclops (D:12)
  4 elephants (Lair:5)
  6 black mambas
  A torpor snail (Lair:2)
  11 cane toads
  3 rime drakes
  2 unseen horrors
  2 kobold demonologists
  5 komodo dragons
  A freezing wraith (D:15)
  Psyche (D:8)
  4 polar bears
  5 hornets
  7 dream sheep
  16 blink frogs
  13 spriggans
  Sigmund (D:11)
  A shadow (D:9)
  A vampire (D:10)
  A wyvern (Lair:2)
  5 humans (D:11)
  A water elemental (D:11)
  50 yaks
  2 wraiths
  4 basilisks
  3 steam dragons
  4 vampire mosquitoes (D:13)
  2 nagas (Lair:2)
  3 acid dragons
  12 water moccasins
  A sky beast (D:7)
  4 orc warriors
  3 black bears
  2 ogres
  2 laughing skulls (D:15)
  4 boggarts (Lair:5)
  15 wolves
  6 centaurs
  3 phantoms
  6 kobold brigands
  14 bullfrogs
  2 scorpions (D:5)
  A gnoll sergeant (D:6)
  3 wights (D:7)
  16 killer bees
  4 howler monkeys
  3 electric eels
  A centaur zombie (D:7)
  5 orc priests
  3 bombardier beetles
  2 gnoll boudas
  5 hounds
  A jelly (D:5)
  2 sleepcaps
  Natasha (thrice) (D:4)
  8 iguanas
  5 orc wizards
  25 gnolls
  9 adders
  3 shadow imps (D:7)
  A white imp (D:7)
  A howler monkey simulacrum (D:7)
  5 ufetubi
  3 dart slugs
  3 ribbon worms
  40 orcs
  10 ball pythons
  7 endoplasms
  4 giant cockroaches
  11 goblins
  5 hobgoblins
  11 jackals
  18 kobolds
  4 quokkas
  3 bats
  A frilled lizard (D:2)
  4 rats
481 creatures vanquished.

Notes
Turn   | Place    | Note
-------+----------+-------------------------------------------
     0 | D:1      | monsoonserge the Spriggan Brigand began the quest for the
                  | Orb.
     0 | D:1      | Reached XP level 1. HP: 10/10 MP: 2/2
   428 | D:1      | Reached XP level 2. HP: 14/14 MP: 3/3
  1131 | D:2      | Reached XP level 3. HP: 18/18 MP: 4/4
  1807 | D:3      | Identified the +6 mace of Keyjez {flame, Str+2}
  1847 | D:3      | Reached XP level 4. HP: 23/23 MP: 5/5
  2470 | D:4      | Noticed a phantom
  2636 | D:4      | Reached XP level 5. HP: 24/26 MP: 6/6
  2721 | D:4      | Noticed Natasha
  2723 | D:4      | Killed Natasha
  2839 | D:4      | Noticed Natasha
  2851 | D:4      | Killed Natasha
  2852 | D:4      | Reached skill level 2 in Dodging
  3019 | D:4      | Killed a phantom
  3020 | D:4      | Reached skill level 1 in Evocations
  3020 | D:4      | Reached XP level 6. HP: 30/30 MP: 7/7
  3232 | D:5      | Entered Level 5 of the Dungeon
  3297 | D:5      | Noticed a water moccasin
  3302 | D:5      | Killed a water moccasin
  3303 | D:5      | Reached skill level 5 in Short Blades
  3350 | D:5      | Reached XP level 7. HP: 35/35 MP: 8/8
  3497 | D:5      | Found a staircase to the Ecumenical Temple.
  3507 | Temple   | Entered the Ecumenical Temple
  3518 | Temple   | Became a worshipper of Warmaster Okawaru
  3628 | D:5      | Found a large runed translucent door.
  3629 | D:5      | Found a large runed translucent door.
  3667 | D:5      | Found an opulent altar of Gozag.
  3825 | D:6      | Reached skill level 3 in Dodging
  3840 | D:6      | Reached * piety under Okawaru
  4034 | D:6      | Reached XP level 8. HP: 32/39 MP: 9/9
  4193 | D:5      | Noticed a kobold demonologist
  4198 | D:5      | Killed a kobold demonologist
  4199 | D:5      | Reached skill level 4 in Dodging
  4199 | D:5      | Reached skill level 1 in Invocations
  4254 | D:5      | Found a large runed translucent door.
  4254 | D:5      | Found a large runed translucent door.
  4586 | D:4      | Noticed Natasha
  4595 | D:4      | Killed Natasha
  4821 | D:6      | Reached ** piety under Okawaru
  4909 | D:6      | Reached XP level 9. HP: 43/43 MP: 11/11
  4956 | D:6      | Reached skill level 10 in Short Blades
  5111 | D:6      | Reached skill level 5 in Dodging
  5679 | D:7      | Identified a scroll of acquirement
  5680 | D:7      | Acquired the ring of Wariness {rCorr AC+4 Str+3 Int+4}
  5710 | D:6      | Reached skill level 5 in Throwing
  5898 | D:7      | Found a glowing golden altar of the Shining One.
  5953 | D:7      | Reached skill level 6 in Dodging
  5982 | D:7      | Found a runed translucent gate.
  5983 | D:7      | Found a runed translucent gate.
  5983 | D:7      | Found a runed translucent gate.
  6062 | D:7      | Reached *** piety under Okawaru
  6506 | D:7      | Reached skill level 7 in Dodging
  6615 | D:7      | Noticed CInkIbrahim's ghost (novice DsSh)
  6674 | D:8      | Noticed Psyche
  6686 | D:8      | Killed Psyche
  6694 | D:8      | Found a flagged portal.
  6731 | Bailey   | Entered a bailey
  6890 | Bailey   | Reached skill level 1 in Shields
  6908 | Bailey   | Noticed an orc knight
  6942 | Bailey   | Killed an orc knight
  6942 | Bailey   | Reached **** piety under Okawaru
  6943 | Bailey   | Reached XP level 10. HP: 51/51 MP: 10/12
  7469 | D:8      | Reached skill level 8 in Dodging
  7677 | D:8      | Noticed an oklob plant
  7828 | D:9      | Found an ornate altar of the Wu Jian Council.
  7876 | D:9      | Reached skill level 5 in Fighting
  8027 | D:9      | Reached ***** piety under Okawaru
  8059 | D:9      | Reached skill level 9 in Dodging
  8075 | D:9      | Found a staircase to the Lair.
  8108 | D:9      | Noticed an animated shadow dragon scales
  8186 | D:9      | Found Wenirghi's Armour Shop.
  8199 | D:9      | Noticed an animated shadow dragon scales
  8215 | D:9      | Identified the +3 leather armour of Integrity {rC+ Int+3
                  | Stlth+}
  8524 | D:10     | Entered Level 10 of the Dungeon
  8602 | D:10     | Reached XP level 11. HP: 56/56 MP: 15/15
  8622 | D:10     | Reached skill level 10 in Dodging
  8666 | D:10     | Noticed a two-headed ogre
  8667 | D:10     | Found Numodghaode's Book Emporium.
  8841 | D:10     | Learned a level 2 spell: Blink
  9107 | D:9      | Reached skill level 1 in Translocations
  9218 | D:10     | Noticed a sixfirhy
  9332 | D:10     | Noticed a sixfirhy
  9336 | D:10     | Noticed a soul eater
  9361 | D:10     | Reached skill level 1 in Spellcasting
  9418 | D:10     | Killed a two-headed ogre
  9571 | D:11     | Received a gift from Okawaru
  9580 | D:11     | Noticed a two-headed ogre
  9603 | D:11     | Killed a two-headed ogre
  9672 | D:11     | Reached skill level 5 in Invocations
  9702 | D:11     | Noticed Sigmund
  9714 | D:11     | Reached skill level 11 in Dodging
  9730 | D:11     | Reached skill level 5 in Shields
  9801 | D:11     | Killed Sigmund
 10159 | D:11     | Received a gift from Okawaru
 10207 | D:11     | Noticed a two-headed ogre
 10244 | D:11     | Killed a two-headed ogre
 10379 | D:11     | You fall into a shaft and drop 2 floors!
 10442 | D:12     | Found a staircase to the Orcish Mines.
 10472 | D:12     | Reached XP level 12. HP: 29/60 MP: 17/17
 11181 | D:7      | Killed CInkIbrahim's ghost
 11269 | Lair:1   | Entered Level 1 of the Lair of Beasts
 11317 | Lair:1   | Noticed a boulder beetle
 11324 | Lair:1   | Killed a boulder beetle
 11324 | Lair:1   | Received a gift from Okawaru
 11499 | Lair:1   | Reached skill level 12 in Dodging
 11992 | Lair:2   | Found a staircase to the Snake Pit.
 12175 | Lair:3   | Reached skill level 13 in Dodging
 12218 | Lair:3   | Received a gift from Okawaru
 12550 | Lair:4   | Reached skill level 5 in Translocations
 12677 | Lair:5   | Entered Level 5 of the Lair of Beasts
 12715 | Lair:5   | Reached XP level 13. HP: 65/65 MP: 18/20
 13502 | Lair:5   | Found a viscous altar of Jiyva.
 13502 | Lair:5   | Found a staircase to the Slime Pits.
 13702 | Lair:5   | Received a gift from Okawaru
 13808 | Lair:5   | Reached skill level 5 in Evocations
 13821 | Lair:5   | Reached skill level 14 in Dodging
 13913 | Lair:5   | Got an earthy gem with 1999 turns to spare
 15788 | Lair:3   | Found a staircase to the Shoals.
 15934 | Lair:3   | Received a gift from Okawaru
 16423 | Lair:4   | Reached XP level 14. HP: 62/72 MP: 14/21
 17160 | Lair:5   | Reached skill level 15 in Dodging
 17901 | Lair:5   | Reached skill level 10 in Stealth
 18582 | D:12     | Received a gift from Okawaru
 18642 | D:13     | Found a transporter.
 18642 | D:13     | Noticed a vampire knight
 18960 | D:15     | Entered Level 15 of the Dungeon
 19112 | D:15     | Reached skill level 10 in Shields
 19198 | D:15     | Slain by a wolf spider simulacrum

Illustrated notes

Levels and vault maps discovered:
D:1:      dpeg_arrival_round_c, layout_basic
D:2:      layout_basic, nicolae_the_louvre
D:3:      layout_loops_corners
D:4:      layout_gridville, uniq_natasha
D:5:      layout_basic, mainiacjoe_overflow_six_doors_small,
          minmay_temple_entry_overgrown, minmay_hollow_rounded_squares
D:6:      layout_basic, kennysheep_windowed_goal
D:7:      kennysheep_steamy, layout_basic, mainiacjoe_overflow_tiny_flanked,
          gammafunk_ghost_necromancy, serial_demonic, serial_demonic_b,
          serial_demonic_c, serial_demonic_f, serial_demonic_c
D:8:      layout_loops_ring, enter_bailey_5, introduction_to_nature_2,
          uniq_psyche
D:9:      layout_cave_pools, mainiacjoe_overflow_boulevard, lair_entry_dummy,
          serial_shops, nicolae_shop_mannequins, nicolae_figureground_pulse
D:10:     layout_basic, serial_shops, nicolae_shop_just_a_little_nook
D:11:     erik_cavepeople, layout_irregular_city, serial_bayou,
          serial_bayou_pond_d, serial_bayou_pond_d, serial_bayou_pond_c,
          serial_bayou_crossing
D:12:     layout_long_grid, orc_0_dummy
D:13:     layout_loops_ring, gammafunk_ghost_mausoleum
D:14:     layout_basic, hangedman_vaults_entry_quadrant_bands,
          dreamdust_princess_bridge, grunt_ministairs_3, kennysheep_path_1,
          tso_oasis_becter
D:15:     hellmonk_depths_entry_around_the_bend, layout_rooms, serial_shops,
          nicolae_diamond_shop, serial_ice, serial_ice_g, serial_ice_k,
          serial_ice_b, serial_ice_m, elyvilon_altar_1, uniq_louise, uniq_rupert
Temple:   hellmonk_temple_of_storms
Lair:1:   layout_cave_pods
Lair:2:   layout_big_grid, guppyfry_snake_entry_garden, serial_forest,
          infiniplex_forest_straight_4, infiniplex_forest_straight_2,
          infiniplex_forest_zigzag_2, infiniplex_forest_side_room,
          hellmonk_talismancer
Lair:3:   layout_chaotic_city, elwin_shoals_entry_rooms, lemuel_fruit_fields,
          grunt_megastairs_1
Lair:4:   layout_hall_layers, infiniplex_staircase_pool
Lair:5:   minmay_lair_end_enchanted_forest, layout_regular_city,
          dpeg_slime_entry_enclosed, serial_forest,
          infiniplex_forest_straight_5, infiniplex_forest_clump_small,
          infiniplex_forest_fountain, infiniplex_forest_lined_2,
          infiniplex_forest_lined_ring, infiniplex_forest_lined_room_3,
          infiniplex_forest_zigzag_1, lookout_lair_type, serial_bayou_shore_b

Skill      XL: |  1  2  3  4  5  6  7  8  9 10 11 12 13 14 |
---------------+-------------------------------------------+-----
Stealth        | 6 7 8 9 10 | 10.5
Short Blades   | 3 4 5 8 9 10 | 10.0
Dodging        | 2 3 4 7 9 11 13 14 15 | 15.7
Evocations     | 1 2 5 |  5.3
Fighting       | 2 4 5 6 7 |  7.5
Throwing       | 3 6 7 8 |  8.8
Invocations    | 2 4 5 6 8 9 |  9.0
Shields        | 1 3 5 7 9 10 | 10.0
Translocations | 4 5 |  5.0
Spellcasting   | 3 4 |  4.0

Action                     |  1- 3 |  4- 6 |  7- 9 | 10-12 | 13-15 || total
---------------------------+-------+-------+-------+-------+-------++-------
  Melee: Dagger            |    96 |    84 |   600 |   838 |  1047 ||  2665
         Punch             |     1 |     2 |     5 |       |       ||     8
  Throw: Dart              |       |       |    65 |    26 |    19 ||   110
         Throwing net      |       |       |     1 |       |       ||     1
         Boomerang         |       |       |       |     2 |    11 ||    13
   Cast: Blink             |       |       |       |       |     1 ||     1
 Invoke: Heroism           |       |       |     1 |     6 |     7 ||    14
         Finesse           |       |       |       |     2 |     5 ||     7
  Evoke: Lightning rod     |       |       |       |     2 |       ||     2
    Use: Scroll            |       |       |    13 |     7 |     2 ||    22
   Stab: Sleeping          |    16 |     9 |    33 |    13 |    10 ||    81
         Distracted        |     1 |     2 |     1 |     5 |     2 ||    11
         Held in net/web   |       |       |     1 |       |       ||     1
 Armour: Robe              |    20 |    14 |    59 |       |       ||    93
         Steam dragon scal |       |       |     7 |    96 |   109 ||   212
  Dodge: Dodged            |    46 |    31 |   218 |   403 |   456 ||  1154
  Block: Buckler           |       |       |    10 |   258 |   427 ||   695
         Reflection        |       |       |       |    10 |    12 ||    22
